Map: Prion Terraces

Players

IIIIIIIIIIII

  • Race: Zerg Zerg
  • League: Diamond

Fiend - Winner!

  • Race: Terran Terran
  • League: Platinum

VOD

Have the link to the VOD?

Description

Time

  • Played on: March 27, 2016, 8:21 p.m.
  • Length: 24:54
Show
View Real Time Build Order
Export as new Build Order

IIIIIIIIIIII Zerg 

Build Orders: Pool First 

Get SALT Encoding   

  12  0:02  Drone  
  13  0:12  Overlord  
  13  0:20  Drone  
  14  0:34  Spawning Pool  
  13  0:39  Drone  
  13  0:41  Drone  
  15  0:46  Drone  
  16  0:50  Extractor  
  16  0:52  Drone  
  16  1:00  Drone  
  17  1:17  Drone  
  18  1:22  Queen  
  20  1:35  Hatchery  
  19  1:47  Overlord  
  19  2:11  Roach Warren  
  19  2:15  Drone x3  
  21  2:24  Queen  
  23  2:53  Overlord  
  23  2:56  Roach x3  
  29  3:00  Roach  
  29  3:04  Roach  
  33  3:13  Roach  
  33  3:14  Roach  
  33  3:18  Roach  
  39  3:28  Overlord  
  39  3:29  Overlord  
  39  3:36  Metabolic Boost  
  39  3:52  Drone  
  39  3:53  Drone x5  
  39  3:55  Drone  
  46  4:15  Drone  
  47  4:20  Hatchery  
  40  4:50  Drone  
  40  4:51  Drone x9  
  48  5:14  Drone  
  48  5:15  Drone x3  
  48  5:16  Overlord  
  48  5:21  Hatchery  
  51  5:40  Zergling x8  
  51  5:41  Zergling x10  
  60  5:49  Drone  
  61  5:50  Baneling Nest  
  60  5:59  Zergling x8  
  55  6:44  Zergling x2  
  55  6:45  Zergling x24  
  68  6:48  Evolution Chamber  
  68  6:50  Lair  
  68  6:51  Evolution Chamber  
  68  7:01  Zergling x8  
  68  7:02  Queen  
  68  7:08  Overlord x4  
  72  7:20  Spore Crawler  
  71  7:23  Queen  
  71  7:24  Spore Crawler x2  
  72  7:31  Spore Crawler  
  72  7:34  Zerg Melee Weapons Level 1, Zerg Ground Armor Level 1  
  71  7:38  Baneling  
  71  7:43  Extractor  
  70  7:44  Extractor  
  70  7:46  Extractor, Drone  
  70  7:47  Drone x2  
  70  7:48  Drone x3  
  70  7:49  Drone x3  
  77  7:55  Extractor  
  77  7:56  Extractor  
  77  7:57  Drone x3  
  78  7:59  Spore Crawler, Drone x3  
  78  8:00  Spore Crawler  
  78  8:01  Baneling x2  
  78  8:02  Baneling  
  79  8:13  Queen  
  81  8:24  Centrifical Hooks  
  81  8:31  Zergling x6  
  81  8:32  Zergling x16  
  81  8:33  Zergling x10  
  97  8:55  Baneling  
  97  8:56  Baneling x8  
  97  8:57  Baneling x11  
  97  8:58  Baneling  
  96  9:20  Spore Crawler  
  95  9:26  Spore Crawler  
  95  9:27  Spore Crawler  
  92  9:34  Spore Crawler  
  92  9:36  Zergling x2  
  92  9:37  Zergling x24  
  104  9:39  Baneling x2  
  104  9:40  Baneling x17  
  104  9:41  Baneling  
  104  9:43  Overlord x5  
  104  9:44  Overlord x4  
  104  9:45  Overlord  
  103  10:09  Drone x3  
  103  10:10  Zergling x2  
  103  10:11  Zergling x26  
  120  10:15  Zerg Melee Weapons Level 2  
  120  10:23  Zerg Ground Armor Level 2  
  120  10:33  Overseer  
  88  11:05  Zergling x2  
  88  11:06  Zergling x40  
  88  11:07  Zergling x4  
  81  11:21  Zergling x2  
  81  11:22  Zergling x12  
  85  11:26  Baneling x15  
  85  11:27  Baneling  
  56  11:59  Drone x3  
  56  12:00  Drone x3  
  58  12:12  Infestation Pit  
  57  12:15  Pneumatized Carapace  
  46  12:36  Zergling x2  
  47  12:37  Zergling x34  
  47  12:38  Zergling x10  
  68  12:57  Baneling x3  
  68  12:58  Baneling x4  
  68  12:59  Baneling  
  57  13:14  Hatchery  
  52  13:25  Drone x2  
  52  13:26  Drone  
  55  13:28  Drone  
  55  13:29  Drone x8  
  64  13:43  Drone x4  
  64  13:44  Drone x2  
  70  13:58  Zergling x4  
  70  13:59  Zergling x6  
  75  14:16  Zergling x14  
  82  14:17  Zergling x2  
  80  15:05  Spine Crawler  
  80  15:06  Spore Crawler  
  78  15:09  Spore Crawler  
  76  15:16  Spore Crawler x3  
  69  15:32  Spine Crawler  
  69  15:35  Drone x7  
  74  15:36  Drone x6  
  74  15:37  Drone x6  
  74  15:38  Drone x2  
  89  15:57  Hive  
  62  16:11  Zergling x6  
  62  16:12  Zergling x6  
  62  16:18  Spine Crawler  
  65  16:33  Baneling x3  
  65  16:34  Baneling x3  
  65  16:36  Baneling  
  65  16:37  Baneling x3  
  65  16:49  Zergling x2  
  65  16:50  Zergling x26  
  65  16:53  Zergling x2  
  65  16:54  Zergling x8  
  84  17:05  Zergling x12  
  84  17:06  Zergling x2  
  74  17:31  Drone  
  74  17:32  Drone x5  
  74  17:36  Hatchery  
  61  18:01  Zergling x2  
  61  18:02  Zergling x26  
  75  18:10  Adrenal Glands  
  75  18:26  Hatchery  
  74  18:28  Baneling x3  
  74  18:29  Baneling x2  
  69  18:58  Spine Crawler  
  69  18:59  Spine Crawler, Drone  
  69  19:00  Spine Crawler  
  61  19:28  Zergling x2  
  61  19:29  Zergling x20  
  63  19:46  Zergling x10  
  63  19:47  Zergling x6  
  71  19:56  Spine Crawler  
  70  20:12  Zerg Melee Weapons Level 3  
  70  20:14  Zergling x14  
  73  20:15  Zergling x2  
  76  20:49  Baneling  
  73  20:50  Baneling x6  
  73  20:51  Baneling x2, Zergling x2  
  73  20:52  Zergling x24  
  84  21:05  Spine Crawler  
  84  21:07  Spine Crawler  
  66  21:29  Drone x2  
  66  21:30  Drone  
  68  21:35  Spine Crawler  
  68  21:36  Spine Crawler  
  65  21:47  Spine Crawler  
  45  22:12  Zergling x2  
  45  22:13  Zergling x12  
  44  22:35  Zergling x10  
  49  22:39  Baneling  
  49  22:40  Baneling  
  46  23:14  Hatchery  
  45  23:22  Baneling  
  45  23:23  Baneling x4  
  45  23:24  Baneling x3  
  45  23:35  Zergling x2  
  45  23:36  Zergling x2  
  46  24:00  Zergling x6  
  46  24:01  Zergling x8  
Show
View Real Time Build Order
Export as new Build Order

Fiend Terran - Winner!

Build Orders: Reaper Expand 

Get SALT Encoding   

  12  0:00  SCV  
  13  0:13  SCV  
  14  0:18  Supply Depot  
  14  0:25  SCV  
  15  0:30  Refinery  
  15  0:39  SCV  
  16  0:45  Barracks  
  16  0:51  SCV  
  17  1:03  SCV  
  18  1:16  SCV  
  19  1:32  Orbital Command  
  19  1:33  Reaper  
  20  1:46  Command Center  
  20  1:57  SCV  
  20  2:01  Factory  
  20  2:09  SCV  
  20  2:11  Barracks Reactor  
  21  2:16  Supply Depot  
  21  2:21  SCV  
  21  2:22  Refinery  
  22  2:34  SCV  
  23  2:46  SCV  
  23  2:47  Factory Tech Lab  
  23  2:50  Marine  
  23  2:51  Marine  
  26  2:58  SCV  
  27  2:59  Starport  
  27  3:03  Orbital Command  
  27  3:10  SCV  
  28  3:17  Siege Tank  
  31  3:20  Marine x2  
  33  3:28  SCV  
  34  3:34  SCV  
  34  3:38  Marine x2  
  34  3:39  Medivac  
  34  3:40  SCV  
  40  3:45  Supply Depot  
  40  3:46  SCV  
  41  3:52  Engineering Bay, SCV  
  42  3:56  Marine x2  
  42  4:00  SCV  
  45  4:05  SCV  
  45  4:06  Siege Tank  
  45  4:08  Supply Depot  
  49  4:12  SCV  
  49  4:13  Marine x2  
  52  4:17  SCV  
  53  4:25  Barracks  
  42  4:47  Marine x2  
  42  4:48  Siege Tank  
  42  4:55  SCV  
  42  4:56  SCV  
  41  5:01  Command Center  
  41  5:05  Marine x2  
  43  5:15  SCV  
  43  5:16  Barracks, SCV  
  43  5:19  Barracks  
  43  5:20  Siege Tank  
  48  5:22  Barracks Tech Lab  
  48  5:27  SCV  
  48  5:28  Marine x2  
  51  5:35  Bunker  
  51  5:38  Liberator  
  51  5:39  Terran Infantry Weapons Level 1  
  51  5:40  SCV  
  51  5:41  SCV, Marine  
  54  5:46  Missile Turret, Marine  
  55  5:54  Supply Depot  
  55  5:56  Marine  
  59  6:08  Barracks Reactor, Marine  
  59  6:09  Barracks Tech Lab  
  60  6:15  Marine  
  60  6:16  Marauder  
  60  6:17  SCV x2  
  65  6:28  Marine x2  
  65  6:29  Siege Tank  
  69  6:40  Marine x2  
  69  6:41  SCV  
  69  6:42  SCV  
  69  6:46  Starport Reactor  
  73  6:52  Supply Depot  
  73  6:53  Supply Depot  
  73  6:56  SCV x2, Refinery x2  
  73  7:00  Marine x2  
  73  7:01  Marine x3  
  80  7:14  Liberator  
  80  7:20  Marine  
  81  7:28  SCV x3, Marine  
  81  7:29  Marine x3  
  87  7:30  Marauder  
  87  7:31  Siege Tank  
  93  7:40  SCV x2, Supply Depot  
  95  7:51  Marine x4  
  97  7:52  SCV x2  
  97  7:54  Orbital Command  
  101  8:01  Marauder, Marine  
  101  8:03  Stimpack  
  101  8:04  SCV x2  
  106  8:07  Supply Depot  
  106  8:08  Marine  
  106  8:09  Marine, Combat Shields  
  106  8:11  Supply Depot  
  108  8:23  Marine  
  109  8:29  Marine x4  
  113  8:35  Missile Turret  
  113  8:45  SCV x3, Marine x2  
  113  8:46  Marine x3  
  113  8:47  Missile Turret  
  113  8:48  Terran Infantry Armor Level 1  
  121  8:54  Engineering Bay, Armory  
  121  8:57  SCV  
  121  8:58  Supply Depot  
  121  9:00  Marine  
  121  9:01  Supply Depot  
  123  9:03  Marine x2  
  125  9:19  Marine x4  
  125  9:20  Siege Tank  
  125  9:21  Marine  
  125  9:23  Refinery  
  133  9:24  Refinery  
  133  9:30  Supply Depot  
  133  9:31  Supply Depot  
  133  9:39  Marine x6  
  133  9:41  Missile Turret, Sensor Tower, SCV x2  
  141  9:47  Barracks  
  141  9:48  Barracks  
  141  9:50  Supply Depot, Starport  
  141  9:51  SCV  
  141  9:52  Siege Tank  
  145  9:57  Marine  
  143  10:00  Marine x4  
  143  10:02  Marauder  
  149  10:15  Marine  
  149  10:18  Marine x4  
  154  10:33  Siege Tank  
  157  10:43  Command Center  
  157  10:45  Factory  
  157  10:50  Marine x2  
  157  10:51  Command Center  
  157  10:55  Marauder  
  157  10:56  Barracks Reactor  
  161  11:04  SCV x2  
  123  11:20  Marine x4  
  123  11:21  Marine  
  112  11:37  Marine  
  112  11:38  Marine  
  104  11:53  Marine x2  
  104  11:54  Marine x3  
  70  11:55  Terran Infantry Weapons Level 2, Marine x2, Terran Infantry Armor Level 2  
  58  12:07  SCV x2  
  59  12:11  Marine  
  52  12:23  Marine x2  
  48  12:40  Marine x3  
  48  12:41  Marine  
  52  12:47  Marine x3  
  52  12:48  Medivac  
  52  12:49  SCV  
  52  12:50  SCV  
  59  12:54  SCV  
  60  12:59  SCV  
  60  13:01  SCV  
  62  13:17  Siege Tank, Marine x3  
  48  13:22  Marine  
  48  13:24  Barracks Reactor  
  49  13:27  Planetary Fortress  
  49  13:32  SCV x2  
  51  13:47  Liberator  
  51  13:58  Bunker, Marine x5  
  51  13:59  Bunker  
  51  14:00  Marauder, SCV x3, Marine  
  51  14:01  Marine  
  66  14:02  Siege Tank  
  66  14:05  Medivac  
  71  14:15  SCV  
  71  14:16  SCV x3, Marine x4  
  79  14:22  Marine x2  
  81  14:26  Marine  
  81  14:27  Marine  
  83  14:33  Marine  
  74  14:48  Marine x4  
  74  14:49  Marine  
  74  14:51  Marine x2  
  74  14:52  Marine  
  82  14:55  Factory Reactor  
  81  15:06  SCV x3, Marine x4  
  88  15:10  Marine  
  88  15:11  Marine  
  90  15:25  Marine x3  
  93  15:33  Marine x4  
  93  15:34  Siege Tank  
  100  15:38  Hellbat x2  
  100  15:41  Marine  
  100  15:42  Terran Infantry Weapons Level 3, Terran Infantry Armor Level 3  
  95  15:43  Marine x3  
  97  16:06  Siege Tank  
  97  16:08  Marine x3  
  93  16:15  Marine x3  
  93  16:16  Marine  
  97  16:21  Marine  
  98  16:26  Hellion x2, Marine x3  
  105  16:33  Marine  
  105  16:37  Marine x3  
  105  16:38  Siege Tank, Marine  
  112  16:50  Marine x3  
  115  17:01  Marine x3  
  118  17:14  Marine x3  
  80  17:29  Marine  
  61  17:30  Marine x3  
  65  17:51  Marine x5  
  63  18:05  Marine x2  
  63  18:06  Marine  
  63  18:08  Widow Mine  
  63  18:09  Widow Mine  
  63  18:10  Widow Mine  
  63  18:11  SCV  
  73  18:24  Marine x6  
  73  18:25  Marine x2  
  81  18:27  Building Armor  
  81  18:28  Hi-Sec Auto Tracking  
  80  18:42  Marine x5  
  80  18:45  Hellion x2  
  89  18:54  Marine x2  
  89  18:55  Marine  
  85  18:59  Marine  
  85  19:00  Marine x4  
  90  19:12  Marine  
  89  19:20  Marine x3  
  89  19:21  Marine  
  89  19:22  Siege Tank  
  89  19:23  Hellion  
  89  19:24  Hellion  
  92  19:26  Orbital Command  
  90  19:33  Marine x3  
  90  19:34  Marine  
  90  19:38  Marine  
  94  19:41  Marine x3  
  93  19:47  Hellion  
  93  19:48  Hellion  
  97  19:55  Refinery  
  97  19:56  Refinery  
  97  19:57  Missile Turret  
  97  20:00  Missile Turret  
  97  20:26  Marine x5  
  100  20:30  Marine x2  
  100  20:31  Siege Tank  
  100  20:32  Hellion x2  
  106  20:51  Marine x5  
  106  20:52  Marine  
  112  20:57  Marine x2  
  112  21:03  Hellion x2  
  112  21:04  Hellion  
  118  21:09  Marine x5  
  118  21:10  Marine  
  122  21:15  Marine x2  
  113  21:24  Widow Mine x2  
  93  21:26  Marine  
  93  21:30  Marine x4  
  98  21:36  Marine x2  
  98  21:37  Marine  
  98  21:38  Siege Tank  
  104  21:44  Marine  
  104  21:48  Marine x4  
  108  21:54  Marine x2  
  108  21:59  Marine  
  111  22:02  Marine  
  90  22:10  Siege Tank  
  90  22:13  Marine x3  
  90  22:14  Marine x3  
  89  22:23  Marine x2  
  89  22:28  SCV x3  
  94  22:31  Marine x3  
  94  22:36  Marine x3  
  100  22:40  SCV x2  
  100  22:42  Siege Tank  
  105  22:47  Bunker  
  105  22:49  Marine x2  
  101  23:06  Marine x5  
  101  23:07  Marine x3  
  96  23:14  Siege Tank  
  96  23:16  Widow Mine x2  
  96  23:19  SCV  
  105  23:20  SCV  
  105  23:24  Marine x5  
  110  23:32  Missile Turret  
  110  23:37  SCV x2  
  110  23:38  Command Center, Marine x3  
  115  23:42  Marine  
  115  23:44  Marine x2  
  115  23:45  Marine  
  115  23:46  Siege Tank  
  122  23:55  Marine  
  122  23:56  Marine x2  
  122  24:02  Marine x2  
  127  24:16  Marine x4  
  127  24:17  Marine  
  115  24:26  Marine x3  
  121  24:33  Hellion  
  121  24:34  SCV x3, Marine x2  
  121  24:35  Marine x2  
Tags
 
Add a new tag
Caveats
  • Supply blocks, unpowered buildings, or Contaminate may cause inaccurate times.
  • Supply counts are checked every 10 seconds.